 Dungeon Crawl Stone Soup version 0.28-a0-1486-g8196b01e9b (webtiles) character file.

Game seed: 13554330152438464170

12296 McIrco the Protected (level 11, -3/105 HPs)
             Began as a Minotaur Fighter on Jan 12, 2022.
             Was an Initiate of Gozag.
             Slain by Erolcha (16 damage)
             ... on level 11 of the Dungeon.
             The game lasted 00:24:21 (17672 turns).

McIrco the Protected (Minotaur Fighter)            Turns: 17672, Time: 00:24:22

Health: -3/105     AC: 23    Str: 25    XL:     11   Next: 60%
Magic:  10/10      EV:  7    Int:  5    God:    Gozag
Gold:   1868       SH: 12    Dex: 10    Spells: 10/10 levels left

rFire   . . .      SeeInvis .   a - +0 war axe
rCold   . . .      Faith    .   c - +0 buckler
rNeg    . . .      Spirit   .   E - +0 plate armour
rPois   .          Reflect  +   (helmet restricted)
rElec   .          Harm     .   j - +0 cloak
rCorr   .          Rampage  .   H - +0 pair of gloves
Will    +....                   (no boots)
Stlth   ..........              n - amulet of reflection
HPRegen 0.27/turn               y - +4 ring of protection
MPRegen 0.12/turn               F - ring of willpower

@: no status effects
A: horns 2, retaliatory headbutt
a: Renounce Religion, Potion Petition, Call Merchant, Bribe Branch


You were on level 11 of the Dungeon.
You worshipped Gozag.
Gozag was most pleased with you.
You visited 2 branches of the dungeon, and saw 13 of its levels.
You visited the Abyss 1 time.

You collected 1931 gold pieces.
You paid 63 gold pieces to Gozag.

Inventory:

Hand Weapons
 a - a +0 war axe (weapon)
 A - the +5 short sword of Osopum {vamp, rF+ rN+ Str+2 Int+2}
   (You found it on level 7 of the Dungeon)

   It occasionally heals its wielder for a portion of the damage dealt when it
   wounds a living foe.
   Str:       It affects your strength (+2).
   Int:       It affects your intelligence (+2).
   rF:        It protects you from fire.
   rN:        It protects you from negative energy.
Armour
 b - a +0 scale mail
 c - a +0 buckler (worn)
 f - a scarf of shadows
 j - a +0 cloak (worn)
 E - a +0 plate armour (worn)
 H - a +0 pair of gloves (worn)
Jewellery
 n - an amulet of reflection (around neck)
 o - a ring of wizardry
 y - a +4 ring of protection (left hand)
 F - a ring of willpower (right hand)
 I - a ring of magical power
Wands
 d - a wand of iceblast (13)
 p - a wand of mindburst (6)
 u - a wand of flame (25)
Scrolls
 e - 4 scrolls of identify
 h - 4 scrolls of fog
 v - a scroll of torment
 B - 2 scrolls of vulnerability
 D - a scroll of amnesia
Potions
 g - 5 potions of curing
 i - 4 potions of lignification
 k - a potion of magic
 q - a potion of mutation
 r - a potion of degeneration
 s - 4 potions of attraction
 t - a potion of haste
 x - 2 potions of brilliance
 z - a potion of cancellation
Miscellaneous
 G - a phial of floods (inert)


   Skills:
 + Level 12.7 Fighting
 - Level 2.4 Axes
 + Level 14.2 Armour
 + Level 12.9 Shields


You had 10 spell levels left.
You didn't know any spells.
Your spell library contained the following spells:

 Spells                   Type           Power      Damage    Failure   Level
 Shock                    Conj/Air       0%         1d3       99%         1
 Slow                     Hex            0%         N/A       99%         1
 Corpse Rot               Necr/Air       0%         N/A       100%        2
 Ensorcelled Hibernation  Hex/Ice        0%         N/A       100%        2
 Passwall                 Tmut/Erth      0%         N/A       100%        2
 Confusing Touch          Hex            0%         N/A       100%        3
 Gell's Gravitas          Tloc           0%         N/A       100%        3
 Ignite Poison            Fire/Tmut/Pois 0%         N/A       100%        3
 Mephitic Cloud           Conj/Pois/Air  0%         N/A       100%        3
 Swiftness                Air            0%         N/A       100%        3
 Teleport Other           Tloc           0%         N/A       100%        3
 Vampiric Draining        Necr           0%         2d6       100%        3
 Airstrike                Air            0%         N/A       100%        4
 Dispel Undead            Necr           0%         3d6       100%        4
 Summon Lightning Spire   Summ/Air       0%         N/A       100%        4
 Freezing Cloud           Conj/Ice/Air   0%         6-21      100%        5
 Death Channel            Necr           0%         N/A       100%        6
 Dispersal                Tloc           0%         N/A       100%        6
 Malign Gateway           Summ/Tloc      0%         N/A       100%        7
 Dragon's Call            Summ           0%         N/A       100%        9


Dungeon Overview and Level Annotations

Branches:
Dungeon (12/15)            Temple (1/1) D:5            Lair (0/6) D:8
    Orc (0/2) D:10

Altars:
Ashenzari
Cheibriados
Dithmenos
Elyvilon
Fedhas
Gozag
Hepliaklqana
Kikubaaqudgha
Makhleb
Nemelex Xobeh
Okawaru
Qazlal
Ru
Sif Muna
Trog
Uskayaw
Vehumet
Wu Jian
Xom
Yredelemnul
Zin
The Shining One
Beogh

Shops:
D:8 =

Annotations:
D:5 Menkaure
D:11 Erolcha


Innate Abilities, Weirdness & Mutations

You have a pair of horns on your head.
You reflexively headbutt those who attack you in melee.


Message History

You climb downwards.
The orc misses you.
There is a stone staircase leading up here.
Okay, then.
Unknown command.
Okay, then.
Okay, then.
Unknown command.
Unknown command.
Erolcha growls.
You block Erolcha's attack.
There is an escape hatch in the ceiling here.
Erolcha mumbles some strange words.
Erolcha flickers and vanishes!
Deactivating autopickup; reactivate with Ctrl-A.
You block the orc's attack. A mysterious force pulls you upwards.
The hatch slams shut behind you.
Reactivating autopickup.
You hit the orc.
The orc is moderately wounded.
You closely miss something. You block something's attack.
Deactivating autopickup; reactivate with Ctrl-A.
You block the orc's attack.
You barely miss the orc.
The orc is moderately wounded.
You barely miss something. Something hits you!
* * * LOW HITPOINT WARNING * * *
You block the orc's attack.
You hear some strange, mumbled words.
The orc hits you but does no damage.
Unknown command.
You closely miss the orc.
The orc is moderately wounded.
You block the orc's attack.
You slash the orc!
You kill the orc!
You start resting.
You hear some strange, mumbled words.
Something hits you!
You die...
Your body crumbles into a pile of gold.

$ #........
#.......# #.#
#>...$..# #.#
#......!# #.#
#.......# #.#
#.......# #.#
#.......# #.#
#.@.....#####.#####
#$..(.....$........
#....$.#####.######
#......# #.#
#......# #C#
#......# #.#
#......# #.#
#......#####.######
................


There were no monsters in sight!

Vanquished Creatures
  2 two-headed ogres (D:11)
  An orc knight (D:12)
  3 cyclopes (D:11)
  A komodo dragon (D:8)
  A freezing wraith (D:11)
  A troll (D:11)
  A hornet (D:9)
  Sigmund (D:6)
  2 shadows
  8 yaks (D:8)
  2 wyverns (D:8)
  A wraith (D:10)
  3 vampire mosquitoes (D:11)
  A water moccasin (D:5)
  10 orc warriors
  2 sky beasts
  2 necrophages
  An ice beast (D:7)
  4 black bears
  An ogre (D:12)
  3 centaurs
  2 kobold brigands
  Blork the orc (D:4)
  2 bullfrogs
  2 wyvern zombies (D:7)
  A water moccasin zombie (D:5)
  7 scorpions
  A water moccasin skeleton (D:5)
  7 killer bees
  27 wights
  A bullfrog zombie (D:5)
  An electric eel (D:7)
  6 centaur zombies
  Crazy Yiuf (D:2)
  A gnoll shaman (D:10)
  3 jellies
  11 orc priests
  Jessica (D:2)
  4 iguanas
  7 orc wizards
  A killer bee zombie (D:8)
  A hound skeleton (D:4)
  A howler monkey zombie (D:7)
  2 adders
  5 gnolls
  An ufetubus (D:5)
  2 dart slugs
  53 orcs
  8 endoplasms
  2 giant cockroaches
  4 goblins
  6 hobgoblins
  8 kobolds
  3 quokkas (D:1)
  2 ball pythons (D:3)
  5 bats
  6 frilled lizards
  6 rats
253 creatures vanquished.

Vanquished Creatures (others)
  An orc (D:7)
  46 fungi (D:8)
  45 plants (D:8)
  7 withered plants (D:7)
99 creatures vanquished.

Grand Total: 352 creatures vanquished

Notes
Turn   | Place    | Note
-------+----------+-------------------------------------------
     0 | D:1      | McIrco the Minotaur Fighter began the quest for the Orb.
     0 | D:1      | Reached XP level 1. HP: 19/19 MP: 0/0
   237 | D:1      | Reached XP level 2. HP: 22/27 MP: 1/1
   484 | D:1      | Reached skill level 4 in Armour
   888 | D:2      | Reached XP level 3. HP: 27/33 MP: 2/2
  1072 | D:2      | Found a runed translucent door.
  1073 | D:2      | Noticed Crazy Yiuf
  1191 | D:2      | Found a bloodstained altar of Trog.
  1205 | D:2      | Noticed Jessica
  1218 | D:2      | Killed Jessica
  1354 | D:2      | Reached XP level 4. HP: 41/41 MP: 3/3
  1731 | D:2      | Paralysed by Crazy Yiuf for 2 turns
  1733 | D:2      | Killed Crazy Yiuf
  1964 | D:3      | You fall into a shaft and drop 1 floor!
  1980 | D:4      | Noticed a scorpion
  2009 | D:4      | Noticed a scorpion
  2027 | D:4      | Killed a scorpion
  2028 | D:4      | Reached skill level 5 in Fighting
  2028 | D:4      | Reached skill level 5 in Armour
  2028 | D:4      | Reached XP level 5. HP: 27/48 MP: 4/4
  2034 | D:4      | Reached skill level 5 in Shields
  2284 | D:4      | Found an iron altar of Okawaru.
  2286 | D:4      | Found an opulent altar of Gozag.
  2451 | D:4      | Noticed Blork the orc
  2464 | D:4      | Killed Blork the orc
  2465 | D:4      | Reached skill level 6 in Armour
  2465 | D:4      | Reached XP level 6. HP: 18/56 MP: 5/5
  3035 | D:5      | Entered Level 5 of the Dungeon
  3477 | D:5      | Reached skill level 7 in Armour
  3477 | D:5      | Reached XP level 7. HP: 61/63 MP: 6/6
  3839 | D:5      | Found a staircase to the Ecumenical Temple.
  3867 | D:5      | Noticed Menkaure
  3873 | Temple   | Entered the Ecumenical Temple
  4639 | D:5      | Reached skill level 8 in Armour
  4868 | D:4      | Became a worshipper of Gozag Ym Sagoz the Greedy
  5878 | D:6      | Reached XP level 8. HP: 33/71 MP: 7/7
  6092 | D:6      | Noticed Sigmund
  6092 | D:6      | Found a sacrificial altar of Ru.
  6116 | D:6      | Killed Sigmund
  6117 | D:6      | Reached skill level 9 in Armour
  6222 | D:6      | Found a burning altar of Makhleb.
  6222 | D:6      | Found a shadowy altar of Dithmenos.
  6229 | D:6      | Found a stormy altar of Qazlal.
  6774 | D:6      | Found a basalt altar of Yredelemnul.
  6775 | D:6      | Found a hide-covered altar of Uskayaw.
  6980 | D:6      | Reached skill level 10 in Armour
  7171 | D:7      | Identified a scroll of acquirement
  7596 | D:6      | Acquired an amulet of reflection
  8716 | D:6      | Reached XP level 9. HP: 67/68 MP: 8/8
  9123 | D:7      | Reached skill level 11 in Armour
 10347 | D:7      | Identified the +5 short sword of Osopum {vamp, rF+ rN+
                  | Str+2 Int+2}
 10364 | D:8      | Found Amaruy's Jewellery Shoppe.
 10589 | D:8      | Reached skill level 10 in Fighting
 10694 | D:8      | Found a broken altar of Ashenzari.
 10738 | D:8      | Noticed a komodo dragon
 10740 | D:8      | Reached XP level 10. HP: 66/93 MP: 9/9
 10752 | D:8      | Reached skill level 12 in Armour
 10762 | D:8      | Reached skill level 10 in Shields
 11074 | D:8      | Found a staircase to the Lair.
 12648 | D:10     | Entered Level 10 of the Dungeon
 13065 | D:10     | Got the Guide on Companions
 13338 | D:10     | Identified the +3 quarterstaff of Deflation {chaos, +Blink
                  | rF+ rN+ Stlth-}
 13809 | D:9      | Paralysed by a hornet for 3 turns
 14558 | D:9      | Identified the +2 robe of Eternity {Fly rC+++ MP-9 Dex-5}
 14836 | D:10     | Reached skill level 13 in Armour
 14873 | D:9      | Reached XP level 11. HP: 56/104 MP: 10/10
 15143 | D:10     | Found a staircase to the Orcish Mines.
 15398 | D:11     | Noticed a two-headed ogre
 15415 | D:11     | Killed a two-headed ogre
 16387 | D:11     | Noticed a two-headed ogre
 16398 | D:11     | Killed a two-headed ogre
 16687 | D:11     | Noticed Erolcha
 16704 | D:11     | Cast into level 2 of the Abyss (Erolcha)
 16872 | Abyss:2  | Noticed a thrashing horror
 16873 | Abyss:2  | Noticed a spatial maelstrom
 16873 | Abyss:2  | Noticed a thrashing horror
 16882 | D:11     | Escaped the Abyss
 17534 | D:12     | Noticed an orc knight
 17552 | D:12     | Killed an orc knight
 17553 | D:12     | Reached skill level 14 in Armour
 17672 | D:11     | Slain by Erolcha

Illustrated notes

Levels and vault maps discovered:
D:1:      minmay_arrival_doors, layout_loops_ring, serial_glass,
          glass_columns_b, glass_columns_a, item_on_display_a
D:2:      layout_basic, basic_altar, uniq_crazy_yiuf_cottage, uniq_jessica
D:3:      layout_basic, serial_park_tiny_pond
D:4:      cheibrodos_quashed, layout_loops_cross,
          nicolae_overflow_hidden_temple, kennysheep_minor_cross,
          uniq_blork_the_orc
D:5:      layout_basic, minmay_temple_entry_grid, uniq_menkaure
D:6:      layout_cave_pools, grunt_temple_overflow_open,
          mainiacjoe_overflow_divided_tiny, overflow_temple_1_default,
          uniq_sigmund
D:7:      layout_basic, serial_undead, serial_undead_b, serial_undead_d,
          serial_undead_f, serial_undead_f, serial_undead_c, serial_undead_f
D:8:      layout_gridville, mainiacjoe_overflow_tiny_flanked,
          due_lair_maze_entry_diamond, serial_shops, shop
D:9:      layout_rooms, feat_on_display
D:10:     layout_basic, david_orc_5
D:11:     layout_small_grid, uniq_erolcha
D:12:     layout_roguey [special_room_orc], uniq_sonja
Temple:   oiseaux_autumnal_temple

Skill      XL: |  1  2  3  4  5  6  7  8  9 10 11 |
---------------+----------------------------------+-----
Fighting       | 4 5 6 8 10 11 12 | 12.7
Armour         | 4 5 6 7 8 10 11 13 14 | 14.2
Shields        | 4 5 6 7 9 11 12 | 12.9
Axes           | |  2.4

Action                   |  1- 3 |  4- 6 |  7- 9 | 10-12 || total
-------------------------+-------+-------+-------+-------++-------
Melee: War axe           |    81 |    81 |   328 |   427 ||   917
       Headbutt          |     8 |    12 |    68 |   104 ||   192
Evoke: Wand              |       |       |     1 |     5 ||     6
       Phial of floods   |       |       |       |     1 ||     1
  Use: Scroll            |       |     4 |     9 |    15 ||    28
       Potion            |       |     1 |     6 |     5 ||    12
 Stab: Distracted        |       |       |     1 |     3 ||     4
Armor: Scale mail        |    28 |    50 |   179 |    73 ||   330
       Plate armour      |       |       |       |   153 ||   153
Dodge: Dodged            |    34 |    43 |   154 |   152 ||   383
Block: Buckler           |    18 |    19 |   179 |   299 ||   515
       Reflection        |       |       |       |     7 ||     7

Table legend: (Time is in decaauts)
 A = Elapsed time spent in this place.
 B = Non-inter-level travel time spent in this place.
 C = Inter-level travel time spent in this place.
 D = Time resting spent in this place.
 E = Time spent auto-exploring this place.
 F = Levels seen in this place.
 G = Mean time per level.
                   A        B        C        D        E       F      G
               +--------+--------+--------+--------+--------+-----+--------+
         Total |  18050 |  17458 |    592 |   5335 |   9311 |  14 | 1289.3 |
       Dungeon |  17572 |  17012 |    560 |   5180 |   9059 |  12 | 1464.3 |
        Temple |    299 |    267 |     32 |      0 |    252 |   1 |  299.0 |
         Abyss |    178 |    178 |      0 |    155 |      0 |   1 |  178.0 |
               +--------+--------+--------+--------+--------+-----+--------+

Top non-repeatable levels by time:
     D:6: 2491 daAuts
     D:8: 2214 daAuts
     D:5: 1851 daAuts
     D:4: 1787 daAuts
    D:11: 1777 daAuts
     D:7: 1705 daAuts
    D:10: 1698 daAuts
     D:9: 1414 daAuts
     D:2: 1061 daAuts
     D:1: 899 daAuts
     D:3: 453 daAuts
  Temple: 299 daAuts
    D:12: 216 daAuts
 Abyss:2: 178 daAuts
